 Dungeon Crawl Stone Soup version 0.21.1-1-g345015f (webtiles) character file.

4158 Mgcat the Fighter (level 10, -10/70 HPs)
             Began as a Gargoyle Monk on Feb 12, 2018.
             Was a Believer of Ru.
             Mangled by a slime creature (15 damage)
             ... on level 8 of the Dungeon.
             The game lasted 00:15:54 (8222 turns).

Mgcat the Fighter (Gargoyle Monk)                   Turns: 8222, Time: 00:15:54

Health: -10/70     AC: 11    Str: 15    XL:     10   Next: 28%
Magic:  10/10      EV: 11    Int: 11    God:    Ru [**....]
Gold:   355        SH:  0    Dex: 10    Spells: 9/9 levels left

rFire    + . .     SeeInvis .   u - +1 war axe (venom)
rCold    . . .     Gourm    .   (no shield)
rNeg     + . .     Faith    .   j - +1 ring mail
rPois    ∞         Spirit   .   (no helmet)
rElec    +         Reflect  .   a - +0 cloak
rCorr    .         Harm     .   C - +0 pair of gloves
MR       .....                  h - +0 pair of boots {Fly}
Stlth    +.........             (no amulet)
HPRegen  0.21/turn              l - ring of protection from fire (curse) {rF+, !d}
MPRegen  0.12/turn              A - -5 ring of dexterity (curse)

@: flying
A: negative energy resistance 1, electricity resistance, unbreathing,
petrification resistance, rot immunity, no conjurations magic, no poison magic,
no transmutations magic, reduced AC 1, AC +7
a: Renounce Religion, Stop Flying


You were on level 8 of the Dungeon.
You worshipped Ru.
Ru was pleased with you.
You were not hungry.

You visited 1 branch of the dungeon, and saw 8 of its levels.

You collected 355 gold pieces.

Inventory:

Hand Weapons
 m - a +2 whip of freezing
   (You took it off Pikel on level 4 of the Dungeon)
 u - a +1 war axe of venom (weapon)
   (You found it on level 6 of the Dungeon)
 F - a +1 war axe of chopping
   (You found it on level 4 of the Dungeon)
Missiles
 i - 17 tomahawks (quivered)
 E - a throwing net {=f, !d}
Armour
 a - a +0 cloak (worn)
   (You found it on level 4 of the Dungeon)
 h - a +0 pair of boots of flying (worn)
   (You found it on level 6 of the Dungeon)
 j - a +1 ring mail (worn)
   (You found it on level 1 of the Dungeon)
 C - a +0 pair of gloves (worn)
   (You found it on level 7 of the Dungeon)
Jewellery
 l - a cursed ring of protection from fire (left hand) {rF+, !d}
   (You found it on level 1 of the Dungeon)
 q - an uncursed ring of ice {rC+, rF-}
   (You found it on level 4 of the Dungeon)
 A - a cursed -5 ring of dexterity (right hand)
   (You found it on level 5 of the Dungeon)
 D - an uncursed ring of magical power {MP+9}
   (You took it off a gnoll on level 4 of the Dungeon)
Wands
 B - a wand of iceblast (7)
   (You took it off Pikel on level 4 of the Dungeon)
Scrolls
 e - 9 scrolls of identify
 g - 5 scrolls of enchant weapon
 r - 3 scrolls of teleportation
 s - a scroll of remove curse {unknown}
 y - 2 scrolls of enchant armour
 z - a scroll of amnesia
 H - a scroll of fog
Potions
 b - 3 potions of agility
 d - a potion of resistance {unknown}
 f - a potion of might
 k - 2 potions of ambrosia {unknown}
 n - 3 potions of magic
 o - a potion of mutation {unknown}
 p - a potion of curing {unknown}
 t - 3 potions of degeneration {unknown}
 v - 4 potions of brilliance {unknown}
 w - 3 potions of lignification {unknown}
 x - 2 potions of haste {unknown}
Comestibles
 c - 17 rations


   Skills:
 + Level 11.6 Fighting
 + Level 10.7 Maces & Flails
 - Level 2.4 Dodging
 - Level 2.1 Stealth


You had 9 spell levels left.
You didn't know any spells.

Dungeon Overview and Level Annotations

Branches:
Dungeon (8/15)             Temple (0/1) D:7
   Lair: D:8-11

Altars:
Ashenzari
Cheibriados
Dithmenos
Elyvilon
Gozag
Makhleb
Nemelex Xobeh
Ru
Trog


Innate Abilities, Weirdness & Mutations

You are resistant to torment.
Your stone body is resilient. (AC +7)
You are immune to poison.
You resist negative energy. (rN+)
You are resistant to electric shocks. (rElec)
You can survive without breathing.
You are immune to petrification.
You are immune to rotting.
You cannot study or cast Conjurations magic.
You cannot study or cast Poison magic.
You cannot study or cast Transmutations magic.
You take slightly more damage. (AC -5)


Message History

You are too injured to fight recklessly!
You are too injured to fight recklessly!
You are too injured to fight recklessly!
You are too injured to fight recklessly!
You are too injured to fight recklessly!
Your ring mail prevents you from hitting Grum.
Grum is lightly wounded.
Grum hits you with an enchanted spear.
You slash Grum!
Grum is heavily wounded.
Grum hits you with an enchanted spear!
You slash Grum!
Grum looks even sicker.
Grum is almost dead.
Grum hits you but does no damage.
You barely miss Grum.
Grum is almost dead.
Grum misses you. Grum hits you with an enchanted spear!
* * * LOW HITPOINT WARNING * * *
You slash Grum!
You kill Grum!
The wolf bites you but does no damage.
Okay, then.
You slash the wolf!
You kill the wolf!
Items here: ) [ †† an enchanted spear; an animal skin; a wolf corpse; the gnoll corpse of Grum You butcher the wolf corpse.
G - 4 chunks of flesh {@w0} You butcher the gnoll corpse of Grum.
G - 8 chunks of flesh {@w0} (gained 4)
Items here: ) [ ÷÷ an enchanted spear; an animal skin; a wolf skeleton; the gnoll skeleton of Grum
Items here: ) [ ÷÷ an enchanted spear; an animal skin; a wolf skeleton; the gnoll skeleton of Grum You butcher the wolf corpse.
G - 12 chunks of flesh {@w0} (gained 4)
Items here: ) [ ÷÷ an enchanted spear; an animal skin; a wolf skeleton; the gnoll skeleton of Grum You now have 355 gold pieces (gained 9).
All of the chunks of flesh in your inventory have rotted away.
A worker ant zombie comes into view.
A worker ant zombie is nearby!
You hit the worker ant zombie but do no damage.
The worker ant zombie bites you.
You hit the worker ant zombie.
The worker ant zombie is moderately damaged.
The worker ant zombie bites you but does no damage.
You slash the worker ant zombie!
The worker ant zombie is almost destroyed.
The worker ant zombie closely misses you.
The worker ant zombie completely misses you.
You slash the worker ant zombie!
You destroy the worker ant zombie!
You reach down and open the door. 4 slime creatures come into view.
The slime creature quivers. x2
Found a stone staircase leading down.
There is an open door here.
The slime creature quivers.
The slime creature misses you.
The slime creature hits you but does no damage.
The slime creature hits you!
You focus your will and illuminate the slime creature in retribution!
You are too injured to fight recklessly!
You are too injured to fight recklessly!
You are too injured to fight recklessly!
You are too injured to fight recklessly!
You are too injured to fight recklessly!
You hit the slime creature.
The slime creature is lightly wounded.
You hit the slime creature. x2; The slime creature is poisoned.
Two slime creatures merge to form a large slime creature.
The slime creature hits you but does no damage.
The slime creature hits you!
You hit the slime creature.
The slime creature is lightly wounded.
You hit the slime creature. You hit the large slime creature.
The large slime creature looks as sick as possible!
The slime creature hits you. x2; A large slime creature splits.
You slash the slime creature!
The slime creature is moderately wounded.
You hit the slime creature.
You hit the slime creature but do no damage.
You hit the slime creature.
The slime creature stops glowing. x2
The slime creature is stunned by your will and fails to attack.
The slime creature hits you!
The slime creature hits you but does no damage.
The slime creature barely misses you.
You slash the slime creature!
The slime creature looks as sick as possible!
The slime creature is heavily wounded.
You hit the slime creature.
The slime creature looks as sick as possible!
You slash the slime creature! x2; The slime creature hits you.
* * * LOW HITPOINT WARNING * * *
The slime creature hits you!
* * * LOW HITPOINT WARNING * * *
The slime creature hits you but does no damage.
The slime creature hits you!
You die...

# .# # ####.#.# #......#
#......# ############JJ....#
#..........'@J...>#
#.##########.J..###
#.#.....# ######
#.#.###.####################
#.#.#......................#
#.#.#.#.#################.##
#####.#.#.#.# #.......#<.#
......#.#.#.# #.#####.#..#
#######...#.# #.# #.#..#


You could see 4 slime creatures.

Vanquished Creatures
  Pikel (D:4)
  A troll (D:7)
  Grinder (D:5)
  A human (D:7)
  2 steam dragons (D:5)
  Grum (D:8)
  3 hogs (D:7)
  2 sky beasts
  2 wolves (D:8)
  An ogre (D:7)
  2 centaurs
  3 bullfrogs (D:6)
  6 killer bees (D:7)
  2 scorpions
  2 howler monkeys
  A crimson imp (D:7)
  A quasit (D:3)
  2 centaur skeletons
  A jelly (D:5)
  4 hounds
  6 orc wizards
  3 orc priests
  A bullfrog skeleton (D:5)
  2 gnoll shamans
  2 iguanas
  4 worker ants
  3 worker ant zombies
  12 gnolls
  11 adders
  A river rat (D:3)
  2 shadow imps
  An adder zombie (D:7)
  2 adder skeletons
  5 worms
  2 dart slugs
  4 leopard geckos
  22 orcs
  4 bats
  3 giant cockroaches
  5 goblins
  6 hobgoblins
  10 jackals
  A quokka (D:3)
  3 ball pythons
  7 frilled lizards
  A jackal skeleton (D:6)
  9 kobolds
  6 rats
177 creatures vanquished.

Vanquished Creatures (others)
  A hog (D:7)
  2 slaves (D:4)
  A hound (D:4)
  A bullfrog skeleton (D:4)
  A leopard gecko (D:4)
  An orc (D:4)
  A giant cockroach (D:4)
  A jackal skeleton (D:4)
  2 fungi (D:5)
11 creatures vanquished.

Grand Total: 188 creatures vanquished

Notes
Turn   | Place    | Note
-------+----------+-------------------------------------------
     0 | D:1      | Mgcat the Gargoyle Monk began the quest for the Orb.
     0 | D:1      | Reached XP level 1. HP: 14/14 MP: 1/1
   282 | D:1      | Reached XP level 2. HP: 7/19 MP: 2/2
  1176 | D:1      | Reached XP level 3. HP: 24/24 MP: 3/3
  1187 | D:1      | Reached skill level 4 in Fighting
  1545 | D:2      | Found a white marble altar of Elyvilon.
  1648 | D:2      | Found a faded altar of an unknown god.
  1658 | D:2      | Found a shadowy altar of Dithmenos.
  1665 | D:2      | Found a shattered altar of Ashenzari.
  1668 | D:2      | Found a sparkling altar of Nemelex Xobeh.
  1832 | D:2      | Reached skill level 4 in Maces & Flails
  1832 | D:2      | Reached XP level 4. HP: 25/30 MP: 4/4
  2722 | D:3      | Reached skill level 5 in Fighting
  2722 | D:3      | Reached XP level 5. HP: 27/35 MP: 5/5
  2786 | D:3      | HP: 3/35 [worm (8)]
  3115 | D:4      | Found a snail-covered altar of Cheibriados.
  3180 | D:4      | Noticed a slave
  3182 | D:4      | Noticed a slave
  3182 | D:4      | Noticed a slave
  3182 | D:4      | Noticed a slave
  3183 | D:4      | Noticed Pikel
  3221 | D:4      | Reached skill level 5 in Maces & Flails
  3248 | D:4      | Killed Pikel
  3248 | D:4      | Reached skill level 7 in Fighting
  3248 | D:4      | Reached skill level 6 in Maces & Flails
  3248 | D:4      | Reached XP level 6. HP: 15/44 MP: 6/6
  3248 | D:4      | Reached XP level 7. HP: 16/48 MP: 7/7
  3399 | D:4      | Found a sacrificial altar of Ru.
  3424 | D:4      | Became a worshipper of Ru the Awakened
  3433 | D:4      | Gained mutation: You cannot study or cast Poison magic. [Ru sacrifice]
  3433 | D:4      | Gained mutation: You cannot study or cast Transmutations magic. [Ru sacrifice]
  3433 | D:4      | Gained mutation: You cannot study or cast Conjurations magic. [Ru sacrifice]
  3433 | D:4      | Reached * piety under Ru
  3550 | D:4      | Reached XP level 8. HP: 25/53 MP: 8/8
  3814 | D:4      | Reached skill level 7 in Maces & Flails
  4330 | D:5      | Entered Level 5 of the Dungeon
  4353 | D:5      | Found an opulent altar of Gozag.
  4507 | D:5      | Reached skill level 8 in Fighting
  4623 | D:5      | HP: 13/55 [steam dragon/ball of steam (2)]
  4991 | D:5      | Reached skill level 8 in Maces & Flails
  5087 | D:5      | Noticed Grinder
  5100 | D:5      | Paralysed by Grinder for 4 turns
  5109 | D:5      | Killed Grinder
  5109 | D:5      | Reached skill level 9 in Fighting
  5278 | D:5      | Reached XP level 9. HP: 33/60 MP: 9/9
  5761 | D:6      | Gained mutation: You take slightly more damage. (AC -5) [Ru sacrifice]
  5761 | D:6      | Reached ** piety under Ru
  5824 | D:6      | Reached skill level 9 in Maces & Flails
  5866 | D:6      | HP: 15/62 [centaur (4)]
  6089 | D:6      | Reached skill level 10 in Fighting
  6693 | D:7      | Found a bloodstained altar of Trog.
  6737 | D:7      | Noticed a troll
  6744 | D:7      | Killed a troll
  6883 | D:7      | Found a staircase to the Ecumenical Temple.
  6957 | D:7      | Reached skill level 10 in Maces & Flails
  6958 | D:7      | Reached skill level 11 in Fighting
  6958 | D:7      | Reached XP level 10. HP: 31/69 MP: 10/10
  6967 | D:7      | HP: 15/69 [hog (5)]
  6979 | D:7      | HP: 10/69 [hog (7)]
  6989 | D:7      | HP: 9/69 [hog (3)]
  7220 | D:7      | Found a burning altar of Makhleb.
  7968 | D:8      | Noticed Grum
  7980 | D:8      | HP: 16/70 [Grum/enchanted spear (9)]
  7981 | D:8      | Killed Grum
  8222 | D:8      | HP: 17/70 [slime creature (6)]
  8222 | D:8      | HP: 5/70 [slime creature (12)]
  8222 | D:8      | Mangled by a slime creature

Skill      XL: |  1  2  3  4  5  6  7  8  9 |
---------------+----------------------------+-----
Fighting       | 4 5 7 9 11 | 11.6
Maces & Flails | 4 6 8 10 | 10.7
Dodging        | |  2.4
Stealth        | |  2.1

Action                   |  1- 3 |  4- 6 |  7- 9 | 10-12 || total
-------------------------+-------+-------+-------+-------++-------
Melee: Mace              |   153 |   190 |       |       ||   343
       Morningstar       |       |    11 |       |       ||    11
       Trident           |       |    11 |       |       ||    11
       Whip              |       |       |    80 |       ||    80
       War axe           |       |       |   271 |    52 ||   323
Throw: Tomahawk          |       |     2 |       |       ||     2
Invok: Sacrifice Arcana  |       |       |     1 |       ||     1
       Sacrifice Health  |       |       |     1 |       ||     1
  Use: Scroll            |       |     6 |     4 |       ||    10
       Potion            |       |     3 |     2 |       ||     5
 Stab: Sleeping          |     2 |     1 |     1 |       ||     4
       Invisible         |       |       |     1 |     1 ||     2
  Eat: Chunk             |     3 |     5 |    13 |       ||    21
       Ration            |       |       |       |     1 ||     1
Armor: Robe              |    22 |       |       |       ||    22
       Ring mail         |    44 |   123 |   206 |    38 ||   411
Dodge: Dodged            |   118 |   171 |   208 |    30 ||   527

Vault maps used:
D:1:      tarquinn_simple_flora_water_e
D:2:      grunt_temple_overflow_open, first_ration,
          chequers_ecumenical_altar_simple_redux
D:3:      gup_sewer_entry_bubbles, feat_on_display
D:4:      old_standard_altar, kennysheep_slug_shrine, uniq_pikel
D:5:      kennysheep_steamy, nicolae_gozag_seed_capital, uniq_grinder
D:7:      overflow_temple_1_default, kennysheep_mini_moat,
          minmay_temple_entry_statues_fountains, grunt_livestock
D:8:      serial_shops, shop_statue, minmay_pinched_square, uniq_grum

Table legend:
 A = Turns spent in this place as a percentage of turns spent in the entire game.
 B = Non-inter-level travel turns spent in this place as a percentage of non-inter-level travel turns spent in the entire game.
 C = Inter-level travel turns spent in this place as a percentage of turns spent in this place.
 D = Turns resting spent in this place as a percentage of non-inter-level travel turns spent in this place.
 E = Turns spent auto-exploring this place as a percentage of non-inter-level travel turns spent in this place.
 F = Non-inter-level travel turns spent in this place divided by the number of levels of this place that you've seen.
                   A       B       C       D       E      F
               +-------+-------+-------+-------+-------+----------------------
         Total | 100.0 | 100.0 |   2.9 |   0.2 |  80.2 | 997.8
       Dungeon | 100.0 | 100.0 |   2.9 |   0.2 |  80.2 | 997.8
               +-------+-------+-------+-------+-------+----------------------

Table legend:
 A = Kills in this place as a percentage of kills in entire the game.
 B = Kills by you in this place as a percentage of kills by you in the entire game.
 C = Kills by friends in this place as a percentage of kills by friends in the entire game.
 D = Other kills in this place as a percentage of other kills in the entire game.
 E = Experience gained in this place as a percentage of experience gained in the entire game.
 F = Experience gained in this place divided by the number of levels of this place that you have seen.
                   A       B       C       D       E      F
               +-------+-------+-------+-------+-------+----------------------
         Total | 100.0 | 100.0 |   N/A | 100.0 | 100.0 | 742.5
       Dungeon | 100.0 | 100.0 |   N/A | 100.0 | 100.0 | 742.5
               +-------+-------+-------+-------+-------+----------------------
